 Dungeon Crawl Stone Soup version 0.26-a0-597-gb535b0901c (webtiles) character file.

Game seed: 17531068366732837776

(classic levelgen) 12585 EnegeticOcto the Cleaver (level 11, 60/99 HPs)
             Began as a Deep Dwarf Fighter on Sept 8, 2020.
             Was an Elder of Makhleb.
             Quit the game on level 9 of the Dungeon.
             The game lasted 00:06:13 (5948 turns).

EnegeticOcto the Cleaver (Deep Dwarf Fighter)       Turns: 5948, Time: 00:06:14

Health: 60/99      AC: 17    Str: 23    XL:     11   Next: 64%
Magic:  5/5        EV:  5    Int:  9    God:    Makhleb [****..]
Gold:   518        SH: 11    Dex: 12    Spells: 10/10 levels left

rFire    . . .     SeeInvis +   a - +1 war axe
rCold    . . .     Faith    .   c - +0 kite shield
rNeg     . . .     Spirit   .   b - +0 plate armour
rPois    +         Reflect  .   (no helmet)
rElec    .         Harm     .   (no cloak)
rCorr    .                      m - +2 pair of gloves
MR       +....                  (no boots)
Stlth    ..........             (no amulet)
HPRegen  0.00/turn              u - ring of see invisible
MPRegen  0.09/turn              p - ring of poison resistance

@: mildly poisoned (60 -> 60), marked, non-regenerating
A: damage resistance, heal wounds, sense surroundings 2, no regeneration
a: Heal Wounds, Minor Destruction, Lesser Servant of Makhleb, Major Destruction,
Renounce Religion


You were on level 9 of the Dungeon.
You worshipped Makhleb.
Makhleb was greatly pleased with you.
You visited 2 branches of the dungeon, and saw 10 of its levels.
You also visited: Bailey.

You collected 548 gold pieces.
You spent 30 gold pieces at shops.

Inventory:

Hand Weapons
 a - a +1 war axe (weapon)
Missiles
 j - a throwing net (quivered)
Armour
 b - a +0 plate armour (worn)
 c - a +0 kite shield (worn)
 m - a +2 pair of gloves (worn)
Jewellery
 h - an uncursed ring of protection from fire
 p - a ring of poison resistance (right hand)
 u - a ring of see invisible (left hand)
Wands
 r - a wand of paralysis (7)
 v - a wand of digging (4) {@v3}
 w - a wand of acid (8) {@v1}
 x - a wand of disintegration (9)
 y - a wand of iceblast (8) {@v2}
Scrolls
 k - 4 scrolls of remove curse {@r2}
 o - a scroll of enchant weapon
 s - a scroll of teleportation {@r3}
 C - a scroll of fear
 E - a scroll of fog
 F - a scroll of enchant armour
Potions
 d - a potion of might {@q3}
 e - 2 potions of ambrosia
 f - 4 potions of magic {unknown}
 g - 2 potions of heal wounds {@q2}
 i - 2 potions of haste {unknown}
 l - a potion of invisibility {unknown}
 n - 3 potions of curing {@q1}
 q - a potion of cancellation
 t - a potion of lignification {@q7}
 z - a potion of flight
 A - a potion of degeneration {unknown}
 B - a potion of brilliance {unknown}
 D - a potion of berserk rage


   Skills:
 + Level 6.7 Fighting
 * Level 14.4 Axes
 + Level 8.1 Armour
 + Level 8.1 Shields
 * Level 8.7 Invocations


You had 10 spell levels left.
You didn't know any spells.
Your spell library was empty.

Dungeon Overview and Level Annotations

Branches:
Dungeon (9/15)             Temple (1/1) D:5          Bailey (visited)
   Lair: D:8-11         Orc: D:9-12

Altars:
Cheibriados
Dithmenos
Elyvilon
Fedhas
Gozag
Hepliaklqana
Kikubaaqudgha
Makhleb
Nemelex Xobeh
Okawaru
Qazlal
Ru
Trog
Uskayaw
Xom
The Shining One

Shops:
D:8 *   D:9 [

Annotations:
D:6 exclusion: 2 goblins


Innate Abilities, Weirdness & Mutations

You are resistant to damage.
You can heal yourself by infusing magical energy.
You passively map the area around you.
You do not regenerate.


Message History

The killer bee stings you. x2
The killer bee stings you but does no damage.
The killer bee stings you.
You are more poisoned.
The killer bee poisons you!
You miss the killer bee.
The killer bee is severely wounded.
You hit the killer bee. You slash the orc wizard!
Your plate armour prevents you from hitting the killer bee.
You hit the killer bee. You hit the orc priest.
You feel sick. You block the killer bee's attack. x2
The killer bee stings you but does no damage. x2
The orc warrior hits you from afar with a +0 trident.
The orc priest hits you but does no damage.
The killer bee stings you.
The killer bee stings you but does no damage.
The orc wizard gestures wildly while chanting.
The orc wizard blinks!
You miss the killer bee.
The killer bee is almost dead.
You barely miss the killer bee. You hit the orc priest.
You slash the killer bee!
You kill the killer bee!
Makhleb accepts your kill.
You can now hurl Makhleb's greater destruction.
You completely miss the killer bee.
You feel sick. You block the killer bee's attack. The killer bee stings you.
The killer bee stings you but does no damage.
The orc wizard casts a spell.
The orc wizard blinks!
The killer bee stings you.
The orc warrior hits you from afar with a +0 trident.
You block the orc priest's attack.
You miss the killer bee.
The killer bee is almost dead.
You miss the killer bee. You hit the orc. You hit the orc priest.
You hit the killer bee.
You feel sick. The killer bee stings you.
The killer bee stings you but does no damage. x2
You block the killer bee's attack. x3; You block the orc warrior's attack.
You are too injured to fight recklessly!
You are too injured to fight recklessly!
You are too injured to fight recklessly!
You are too injured to fight recklessly!
You are too injured to fight recklessly!
You are too injured to fight recklessly!
You are too injured to fight recklessly!
You are too injured to fight recklessly!
You are too injured to fight recklessly!
You are too injured to fight recklessly!
You are too injured to fight recklessly!
You are too injured to fight recklessly!
You are too injured to fight recklessly!
You are too injured to fight recklessly!
You are too injured to fight recklessly!
You are too injured to fight recklessly!
You are too injured to fight recklessly!
You are too injured to fight recklessly!
You are too injured to fight recklessly!
You are too injured to fight recklessly!
You are too injured to fight recklessly!
You are too injured to fight recklessly!
You are too injured to fight recklessly!
You are too injured to fight recklessly!
You are too injured to fight recklessly!
You are too injured to fight recklessly!
You are too injured to fight recklessly!
You are too injured to fight recklessly!
You are too injured to fight recklessly!
You are too injured to fight recklessly!
You are too injured to fight recklessly!
You are too injured to fight recklessly!
You are too injured to fight recklessly!
You are too injured to fight recklessly!
You are too injured to fight recklessly!
You feel much better.
You feel sick.
The killer bee stings you but does no damage.
The killer bee barely misses you. You block the killer bee's attack.
You block the orc priest's attack. You block the killer bee's attack.
The killer bee stings you but does no damage.
The orc hits you but does no damage.
The orc wizard hits you but does no damage.
You block the killer bee's attack.
The orc warrior hits you but does no damage.
You slash the orc wizard!
You kill the orc wizard!
Makhleb accepts your kill.
You feel better.
You miss the killer bee.
You hit the killer bee but do no damage.
You hit the orc priest. You barely miss the orc wizard.
You slash the killer bee!
You kill the killer bee!
Makhleb accepts your kill.
You slash the orc!
You kill the orc!
Makhleb accepts your kill.
You feel better. You block the killer bee's attack.
The killer bee stings you but does no damage.
The orc priest hits you but does no damage.
The killer bee stings you but does no damage.
You block the killer bee's attack.
Are you sure you want to abandon this character and quit the game? (Confirm with "yes".)

≈≈.......[†............. *
, ≈......<...............#
..........†....###......**
.........≈≈≈...# *......
** , ,
...(....≈≈≈≈≈..###......
*, , ,
.........≈≈≈............ ,
..........≈............. ,
, ,
................oY......,
, ..
............)@†......, ,,
.. .$........yyoo....., ..
.........oH....... .,,
................., , , ,
,,,................, , , ,
..............., , , ,
,.;............. , ,, , ,
≈≈≈............ , , , , ,,
, ,, ≈≈ , , , , ,,


You could see a hippogriff, an orc warrior, an ice beast, 2 killer bees, an
electric eel, an orc priest, an orc wizard and an orc.

Vanquished Creatures
  Harold (D:9)
  Erolcha (D:9)
  Maggie (D:9)
  A troll (D:8)
  Prince Ribbit (D:8)
  3 hippogriffs
  4 yaks (D:7)
  Grum (D:8)
  3 ice beasts
  A black bear (D:6)
  10 orc warriors (Bailey)
  A sky beast (D:8)
  2 phantoms
  4 wolves (D:8)
  11 centaurs
  A big kobold (D:7)
  2 gnoll sergeants
  4 bullfrogs
  A wyvern zombie (D:7)
  A water moccasin skeleton (D:7)
  3 scorpions
  8 wights (D:7)
  15 killer bees
  A howler monkey (D:4)
  An electric eel (D:9)
  A bullfrog zombie (D:5)
  2 quasits
  5 hounds
  A centaur skeleton (D:7)
  An orc priest (D:7)
  9 orc wizards
  Ijyb (D:3)
  An iguana (D:5)
  3 worker ants
  A killer bee zombie (D:5)
  A hound skeleton (D:5)
  6 adders
  15 gnolls
  A shadow imp (D:8)
  A white imp (D:6)
  2 ufetubi
  An adder skeleton (D:8)
  3 worms
  3 dart slugs
  4 leopard geckos
  40 orcs
  5 giant cockroaches
  8 goblins
  3 hobgoblins
  14 jackals
  6 quokkas
  2 ball pythons
  6 bats
  6 frilled lizards
  9 kobolds
  A leopard gecko skeleton (D:6)
  2 leopard gecko zombies (D:7)
  7 rats
253 creatures vanquished.

Vanquished Creatures (others)
  An adder (D:9)
  A leopard gecko (D:9)
2 creatures vanquished.

Grand Total: 255 creatures vanquished

Notes
Turn   | Place    | Note
-------+----------+-------------------------------------------
     0 | D:1      | EnegeticOcto the Deep Dwarf Fighter began the quest for the
                  | Orb.
     0 | D:1      | Reached XP level 1. HP: 20/20 MP: 1/1
    30 | D:1      | Reached XP level 2. HP: 24/27 MP: 2/2
   168 | D:2      | Reached skill level 3 in Axes
   170 | D:2      | Reached XP level 3. HP: 21/33 MP: 3/3
   494 | D:3      | Reached XP level 4. HP: 19/42 MP: 4/4
   530 | D:4      | Noticed a phantom
   575 | D:4      | Reached skill level 4 in Axes
   607 | D:4      | Killed a phantom
   607 | D:4      | Reached XP level 5. HP: 34/49 MP: 4/4
   639 | D:4      | Found a bloodstained altar of Trog.
   712 | D:4      | Reached XP level 6. HP: 50/57 MP: 4/4
   718 | D:4      | Reached skill level 5 in Axes
   797 | D:4      | Reached XP level 7. HP: 33/64 MP: 5/5
   908 | D:4      | Reached skill level 5 in Armour
   927 | D:4      | Reached skill level 5 in Shields
  1074 | D:4      | Found a sparkling altar of Nemelex Xobeh.
  1146 | D:5      | Entered Level 5 of the Dungeon
  1149 | D:5      | Reached skill level 6 in Axes
  1441 | D:5      | Found a snail-covered altar of Cheibriados.
  1465 | D:5      | Found a staircase to the Ecumenical Temple.
  1535 | Temple   | Entered the Ecumenical Temple
  2814 | D:3      | Noticed Ijyb
  2830 | D:3      | Killed Ijyb
  2996 | D:3      | You fall into a shaft and drop 1 floor!
  3074 | D:6      | Reached XP level 8. HP: 31/73 MP: 5/5
  3093 | D:6      | Reached skill level 7 in Axes
  3242 | D:6      | Found an iron altar of Okawaru.
  3242 | D:6      | Noticed a hippogriff
  3251 | D:6      | Killed a hippogriff
  3501 | D:7      | Reached skill level 5 in Fighting
  3594 | D:7      | Found a burning altar of Makhleb.
  3603 | D:7      | Became a worshipper of Makhleb the Destroyer
  3613 | D:7      | Reached skill level 1 in Invocations
  3637 | D:7      | Reached skill level 8 in Axes
  3721 | D:7      | Found a flagged portal.
  3723 | D:7      | Noticed a hippogriff
  3745 | D:7      | Killed a hippogriff
  3745 | D:7      | Gained mutation: You passively map the area around you.
                  | [Deep Dwarf growth]
  3745 | D:7      | Reached XP level 9. HP: 60/81 MP: 7/7
  3750 | Bailey   | Entered a bailey
  3760 | Bailey   | Reached * piety under Makhleb
  4015 | Bailey   | Reached skill level 9 in Axes
  4017 | Bailey   | Reached skill level 5 in Invocations
  4107 | Bailey   | Reached ** piety under Makhleb
  4573 | D:7      | Reached skill level 13 in Axes
  4573 | D:7      | Reached XP level 10. HP: 70/91 MP: 4/4
  4714 | D:7      | Reached XP level 11. HP: 83/97 MP: 5/5
  5150 | D:8      | Found Metaczub's Assorted Antiques.
  5158 | D:8      | Bought a scroll labeled BIRHIW POGOATZ for 30 gold pieces
  5176 | D:8      | Reached *** piety under Makhleb
  5237 | D:8      | Noticed Prince Ribbit
  5261 | D:8      | Reached skill level 14 in Axes
  5317 | D:8      | Noticed Grum
  5338 | D:8      | Killed Grum
  5565 | D:8      | Killed Prince Ribbit
  5631 | D:9      | Noticed Maggie
  5650 | D:9      | Killed Maggie
  5727 | D:9      | Noticed Erolcha
  5738 | D:9      | Killed Erolcha
  5849 | D:9      | Found Enats's Antique Armour Emporium.
  5860 | D:9      | Noticed Harold
  5884 | D:9      | Killed Harold
  5944 | D:9      | Reached **** piety under Makhleb
  5948 | D:9      | Quit the game

Illustrated notes

Levels and vault maps discovered:
D:1:      mrwooster_arrival_statue_3, layout_basic, serial_glass,
          glass_columns_a, glass_columns_a, due_unseen_surprise,
          feat_on_display, minmay_strange_pillars, item_on_display_a,
          minmay_tetromino_t4
D:2:      layout_loops_ring
D:3:      layout_basic, serial_glass, glass_columns_a, glass_columns_a,
          uniq_ijyb
D:4:      layout_rooms, kennysheep_little_box, lemuel_coloured_pillars_altar,
          bh_walls_and_bars
D:5:      layout_basic, kennysheep_mini, minmay_temple_entry_wispy,
          grunt_ministairs_7
D:6:      layout_basic, kennysheep_okawaru_gauntlet
D:7:      layout_basic, old_standard_altar, lightli_bailey_entry_fortress,
          hangedman_abyss_or_decor_slice, hangedman_decor_diamond_cutter
D:8:      layout_cave_pools, serial_shops, nicolae_shop_window_shopping,
          st_stairs_9, uniq_grum, uniq_prince_ribbit1
D:9:      layout_big_octagon, nicolae_overflow_quartered_altars,
          chequers_temple_overflow_minitemple, serial_shops,
          nicolae_shop_behind_doors, uniq_harold, uniq_erolcha, uniq_maggie,
          uniq_psyche
Temple:   minmay_temple_curvy_loop

Skill      XL: |  1  2  3  4  5  6  7  8  9 10 11 |
---------------+----------------------------------+-----
Axes           | 3 4 5 6 8 13 14 | 14.4
Fighting       | 3 4 5 6 |  6.7
Armour         | 4 5 6 7 8 |  8.1
Shields        | 4 5 6 7 8 |  8.1
Invocations    | 3 6 8 |  8.7

Action                   |  1- 3 |  4- 6 |  7- 9 | 10-12 || total
-------------------------+-------+-------+-------+-------++-------
Melee: War axe           |    79 |   145 |   486 |   313 ||  1023
 Abil: Heal Wounds       |     1 |     8 |    26 |     8 ||    43
Evoke: Wand              |       |       |    10 |       ||    10
  Use: Scroll            |       |       |    15 |     4 ||    19
       Potion            |       |       |     2 |       ||     2
Armor: Scale mail        |    47 |    87 |   224 |       ||   358
       Plate armour      |       |       |    39 |   229 ||   268
       Chain mail        |       |       |    13 |       ||    13
Dodge: Dodged            |    39 |    72 |   204 |    80 ||   395
Block: Kite shield       |    55 |   137 |   352 |   249 ||   793

Table legend: (Time is in decaauts)
 A = Elapsed time spent in this place.
 B = Non-inter-level travel time spent in this place.
 C = Inter-level travel time spent in this place.
 D = Time resting spent in this place.
 E = Time spent auto-exploring this place.
 F = Levels seen in this place.
 G = Mean time per level.
                   A        B        C        D        E       F      G
               +--------+--------+--------+--------+--------+-----+--------+
         Total |   6106 |   5903 |    203 |      0 |   3770 |  11 |  555.1 |
       Dungeon |   5051 |   4871 |    180 |      0 |   3240 |   9 |  561.2 |
        Temple |    205 |    183 |     22 |      0 |    182 |   1 |  205.0 |
        Bailey |    849 |    849 |      0 |      0 |    347 |   1 |  849.0 |
               +--------+--------+--------+--------+--------+-----+--------+

Top non-repeatable levels by time:
     D:5: 907 daAuts
  Bailey: 849 daAuts
     D:7: 803 daAuts
     D:4: 713 daAuts
     D:2: 635 daAuts
     D:8: 550 daAuts
     D:3: 537 daAuts
     D:6: 453 daAuts
     D:9: 301 daAuts
  Temple: 205 daAuts
     D:1: 148 daAuts
